 Dungeon Crawl Stone Soup version 0.21-a0-2-ge494091 (webtiles) character file.

43452 nikopol the Cleaver (level 14, -1/138 HPs)
             Began as a Gargoyle Berserker on May 21, 2017.
             Was the Champion of Trog.
             Slain by a hellephant (13 damage)
             ... on level 2 of the Abyss on May 22, 2017.
             The game lasted 00:50:26 (14512 turns).

nikopol the Cleaver (Gargoyle Berserker)           Turns: 14512, Time: 00:50:27

Health: -1/138     AC: 39    Str: 28    XL:     14   Next: 24%
Magic:  4/4        EV: 13    Int:  8    God:    Trog [******]
Gold:   906        SH:  0    Dex: 12    Spells: 13/13 levels left

rFire    . . .     SeeInvis .   a - +6 battleaxe (antimagic)
rCold    + . .     Gourm    .   (shield currently unavailable)
rNeg     + . .     Faith    .   w - +2 chain mail {rC+}
rPois    ∞         Spirit   .   b - +2 helmet
rElec    +         Reflect  .   q - +1 cloak
rCorr    +         Harm     .   x - +0 pair of gloves
MR       +++..     Rnd*Rage +   K - +2 pair of boots
Stlth    ..........             (no amulet)
Regen    1.4/turn               H - ring of resist corrosion
MPRegen  0.1/turn               C - +5 ring of protection

@: berserking, regenerating, very quick
A: big wings, berserk 1, low mp 1, negative energy resistance 1, electricity
resistance, unbreathing, petrification resistance, rot immunity, AC +9
a: Fly, Berserk, Trog's Hand, Brothers in Arms, Burn Spellbooks, Renounce
Religion


You were on level 2 of the Abyss.
You worshipped Trog.
Trog was exalted by your worship.
You were near starving.

You visited 2 branches of the dungeon, and saw 14 of its levels.
You visited the Abyss 2 times.
You also visited: Ossuary and Volcano.

You collected 906 gold pieces.

Inventory:

Hand Weapons
 a - a +6 antimagic battleaxe (weapon)
 i - a +4 flail of venom
 z - a +3 longbow of velocity
 R - a +2 antimagic battleaxe
 Z - a +1 eveningstar of protection
Missiles
 k - 254 arrows (quivered)
Armour
 b - a +2 helmet (worn)
 m - a +2 plate armour of fire resistance
 q - a +1 cloak (worn)
 w - a +2 chain mail of cold resistance (worn)
 x - a +0 pair of gloves (worn)
 E - a +1 plate armour of fire resistance
 K - a +2 pair of boots (worn)
Jewellery
 p - an uncursed ring of stealth
 C - a +5 ring of protection (right hand)
 D - a +3 ring of strength {unknown}
 G - an uncursed ring of protection from fire
 H - a ring of resist corrosion (left hand)
Wands
 e - a wand of disintegration (5/24)
 M - a wand of acid (9/15)
 Q - a wand of clouds (5/9)
 W - a wand of digging (13/24)
Scrolls
 j - 9 scrolls of remove curse
 l - a scroll of blinking
 s - 3 scrolls of identify
 y - 2 scrolls of fog
 F - 4 scrolls of magic mapping
 P - 3 scrolls of recharging
 Y - 2 scrolls of enchant armour
Potions
 d - a potion of agility
 f - 5 potions of heal wounds
 g - a potion of cancellation {unknown}
 h - 7 potions of brilliance
 n - a potion of might
 o - 2 potions of ambrosia
 t - 2 potions of flight
 u - 4 potions of resistance
 v - 3 potions of magic
 A - a potion of haste
 B - 8 potions of curing
 I - a potion of invisibility {unknown}
 O - a potion of berserk rage
 X - a potion of lignification {unknown}
Comestibles
 c - 6 bread rations
 r - 9 royal jellies
 J - 4 chunks of flesh
 L - 6 meat rations
 N - 20 fruits


   Skills:
 + Level 12.1 Fighting
 * Level 13.2 Axes
 * Level 7.8 Bows
 + Level 11.6 Armour
 + Level 8.9 Dodging


You had 13 spell levels left.
You didn't know any spells.

Dungeon Overview and Level Annotations

Branches:
Dungeon (12/15)            Temple (0/1) D:4            Lair (2/6) D:10
  Swamp (0/4) Lair:2
  Snake: Lair:2-4    Spider: Lair:2-4       Orc: D:9-12

Altars:
Dithmenos
Elyvilon
Gozag
Hepliaklqana
Makhleb
Okawaru
Sif Muna
Trog
Wu Jian
Yredelemnul
The Shining One

Annotations:
Lair:2 Sonja


Innate Abilities, Weirdness & Mutations

You are resistant to torment.
Your stone body is resilient. (AC +9)
You are immune to poison.
Your large and strong wings let you fly indefinitely.
You resist negative energy. (rN+)
You are resistant to electric shocks. (rElec)
You can survive without breathing.
You are immune to petrification.
You are immune to rotting.
You tend to lose your temper in combat.
Your magical capacity is low. (-10% MP)


Message History

You feel yourself moving faster!
You feel mighty!
You are near starving!
The ynoxinul gestures.
The ufetubus hits you but does no damage.
The ufetubus barely misses you. The hellephant barely misses you.
The hellephant bites you!
* * * LOW HITPOINT WARNING * * *
The hellephant gores you but does no damage.
You closely miss the hellephant.
Your chain mail prevents you from hitting the ufetubus.
The ufetubus barely misses you. x2
You slice the hellephant!!
The hellephant's magic leaks into the air.
The hellephant is lightly wounded.
You slash the ufetubus!
You feel the power of Trog in you as your rage grows.
You kill the ufetubus!
You hear a shout!
The hellephant tramples you!
You die...

..# #.#.#. ≈
≈## #. ..
.#.. ..#≈≈≈
### # # . . .
##.≈≈≈.. . .
#....#.#.
≈#..
#.....#...#
..# # #
##..#.###. #
#. .§....###
.# . .#
#5#####..## .
##3.@.......
##
..##Y#.#####.
..# .....#.
#.. ##.#.####
. .35....Y .
....####.. #
#. #.. . ###


You could see a hellephant, a ynoxinul and an ufetubus.

Vanquished Creatures
  A starcursed mass (Abyss:2)
  The ghost of Dominolapin the Severer, a journeyman HOFi of Qazlal (Volcano)
  Harold (Lair:2)
  3 hydras
  A dancing weapon (Volcano)
  A death knight (D:11)
  3 two-headed ogres
  The ghost of glosham the Transmogrifier, a novice GnAK of Lugonu (D:8)
  A thrashing horror (Abyss:2)
  Urug (D:10)
  2 skeletal warriors
  An unseen horror (D:11)
  5 wizards (Volcano)
  A shadow demon (Abyss:2)
  The ghost of mcbry the Cleaver, a novice MiBe of Trog (D:7)
  A necromancer (D:9)
  An ugly thing (D:6)
  Maurice (D:10)
  An apocalypse crab (Abyss:2)
  5 toenail golems (Volcano)
  A cyclops (D:10)
  A black mamba (Lair:2)
  A torpor snail (Lair:2)
  A spiny frog (Lair:2)
  Psyche (D:9)
  Joseph (D:10)
  A freezing wraith (D:11)
  A komodo dragon (Lair:1)
  A kobold demonologist (D:11)
  2 ancient zymes (Abyss:2)
  The ghost of grindst0ne the Ruffian, an amateur TrMo (D:3)
  A large abomination (Abyss:2)
  2 trolls
  A polar bear (Lair:2)
  11 blink frogs (Lair:1)
  Prince Ribbit (D:8)
  A hornet (D:8)
  9 raiju (Abyss:2)
  2 hippogriffs
  A stone giant simulacrum (Abyss:2)
  8 flying skulls
  3 wraiths
  4 shadows
  24 yaks
  A hungry ghost (D:7)
  A basilisk (Abyss:2)
  A neqoxec (Abyss:2)
  Grum (D:9)
  A steam dragon (D:10)
  A chaos spawn (Abyss:2)
  2 soldier ants (D:8)
  3 wargs (D:10)
  A water moccasin (D:11)
  2 porcupines
  A black bear (D:6)
  5 sky beasts
  5 ice beasts
  2 orc warriors
  2 phantoms
  A hornet zombie (D:11)
  4 necrophages
  3 ogres
  13 wolves
  10 centaurs
  3 crocodiles (Lair:1)
  3 big kobolds
  17 bullfrogs
  2 wyvern zombies
  A scorpion (D:11)
  19 wights
  6 killer bees
  5 howler monkeys
  9 crimson imps
  A quasit (D:10)
  4 jellies
  6 centaur zombies
  2 hounds
  2 bullfrog skeletons (D:9)
  9 mummies (Ossuary)
  5 bullfrog zombies
  7 orc priests
  5 iguanas
  9 orc wizards
  2 centaur skeletons
  2 iron imps (Abyss:2)
  6 worker ants
  3 killer bee zombies
  10 hound zombies
  3 hound skeletons
  5 worker ant zombies
  11 gnolls
  12 adders
  A shadow imp (D:11)
  2 adder skeletons (D:9)
  8 adder zombies
  3 worms
  A dart slug (D:2)
  9 leopard geckos
  33 orcs
  4 giant cockroaches
  6 goblins
  11 hobgoblins
  8 quokkas
  3 bats
  4 frilled lizards
  8 kobolds
  3 leopard gecko zombies (Ossuary)
  A quokka skeleton (D:9)
  3 quokka zombies
  7 rats
  A fungus (Lair:1)
458 creatures vanquished.

Vanquished Creatures (others)
  2 fungi
  A plant (Lair:1)
3 creatures vanquished.

Grand Total: 461 creatures vanquished

Notes
Turn   | Place    | Note
-------+----------+-------------------------------------------
     0 | D:1      | nikopol the Gargoyle Berserker began the quest for the Orb.
     0 | D:1      | Reached XP level 1. HP: 14/14 MP: 1/1
   324 | D:1      | Reached XP level 2. HP: 19/19 MP: 2/2
   583 | D:2      | Reached XP level 3. HP: 20/23 MP: 3/3
   706 | D:2      | Reached skill level 3 in Axes
   797 | D:2      | Found a faded altar of an unknown god.
   937 | D:2      | Reached ** piety under Trog
   991 | D:2      | Reached XP level 4. HP: 29/29 MP: 4/4
  1573 | D:3      | Noticed grindst0ne's ghost (amateur TrMo)
  1589 | D:3      | Killed grindst0ne's ghost
  1589 | D:3      | Reached skill level 4 in Axes
  1589 | D:3      | Reached XP level 5. HP: 4/34 MP: 5/5
  1589 | D:3      | Reached XP level 6. HP: 5/39 MP: 6/6
  1947 | D:3      | Found a burning altar of Makhleb.
  2548 | D:4      | Found a staircase to the Ecumenical Temple.
  2758 | D:5      | Entered Level 5 of the Dungeon
  2784 | D:5      | Reached *** piety under Trog
  2787 | D:5      | Reached XP level 7. HP: 42/44 MP: 7/7
  2828 | D:5      | Found a sand-covered staircase.
  2837 | Ossuary  | Entered an ossuary
  2849 | Ossuary  | Reached skill level 5 in Fighting
  2910 | Ossuary  | Reached skill level 5 in Armour
  3057 | Ossuary  | Reached skill level 5 in Axes
  3106 | Ossuary  | Reached XP level 8. HP: 30/50 MP: 8/8
  3818 | D:5      | Reached **** piety under Trog
  3908 | D:5      | Reached skill level 6 in Axes
  4316 | D:6      | Reached XP level 9. HP: 54/56 MP: 9/9
  4807 | D:6      | Found an ornate altar of the Wu Jian Council.
  4833 | D:6      | Found an opulent altar of Gozag.
  4942 | D:6      | Noticed a purple ugly thing
  4961 | D:6      | Killed a purple ugly thing
  4961 | D:6      | Reached skill level 7 in Axes
  4965 | D:6      | Noticed an eight-headed hydra
  4965 | D:6      | Reached skill level 5 in Dodging
  5062 | D:7      | Noticed mcbry's ghost (novice MiBe)
  5116 | D:7      | Killed mcbry's ghost
  5116 | D:7      | Reached skill level 8 in Axes
  5116 | D:7      | Reached XP level 10. HP: 64/64 MP: 10/10
  6007 | D:6      | Killed an eight-headed hydra
  6309 | D:8      | Found a basalt altar of Yredelemnul.
  6317 | D:8      | Noticed glosham's ghost (novice GnAK)
  6324 | D:8      | Noticed Prince Ribbit
  6524 | D:8      | Noticed a two-headed ogre
  6532 | D:8      | Killed Prince Ribbit
  6532 | D:8      | Reached skill level 9 in Axes
  6533 | D:8      | Killed a two-headed ogre
  6633 | D:8      | Killed glosham's ghost
  6633 | D:8      | Reached XP level 11. HP: 50/71 MP: 11/11
  6843 | D:8      | Noticed a two-headed ogre
  6858 | D:8      | Killed a two-headed ogre
  6973 | D:8      | Reached ***** piety under Trog
  7012 | D:8      | Found a white marble altar of Elyvilon.
  7158 | D:8      | Received a gift from Trog
  7158 | D:8      | Reached skill level 10 in Axes
  7923 | D:9      | Noticed Grum
  7940 | D:9      | Killed Grum
  8124 | D:9      | Noticed a skeletal warrior
  8155 | D:9      | Noticed a necromancer
  8157 | D:9      | Killed a skeletal warrior
  8157 | D:9      | Reached skill level 10 in Fighting
  8176 | D:9      | Killed a necromancer
  8519 | D:9      | Found a glowing golden altar of the Shining One.
  8543 | D:9      | Noticed Psyche
  8548 | D:9      | Killed Psyche
  8764 | D:9      | Found a hazy altar of Hepliaklqana.
  8833 | D:9      | Got a smelly plate armour
  9152 | D:9      | Found a bloodstained altar of Trog.
  9152 | D:9      | Found a shadowy altar of Dithmenos.
  9153 | D:9      | Found a deep blue altar of Sif Muna.
  9257 | D:10     | Entered Level 10 of the Dungeon
  9257 | D:10     | Noticed Maurice
  9265 | D:10     | Reached XP level 12. HP: 78/78 MP: 4/12
  9272 | D:10     | Killed Maurice
  9322 | D:10     | Found a staircase to the Lair.
  9328 | D:10     | Reached skill level 11 in Axes
  9489 | D:10     | Noticed Joseph
  9500 | D:10     | Killed Joseph
  9673 | D:10     | Reached skill level 10 in Armour
  9777 | D:10     | Noticed Urug
  9799 | D:10     | Killed Urug
  9799 | D:10     | Reached skill level 1 in Bows
 10013 | D:10     | Identified the cursed +0 plate armour "Zailot" {rElec} (You found it on level 9 of the Dungeon)
 10722 | D:11     | Noticed a two-headed ogre
 10728 | D:11     | Killed a two-headed ogre
 10823 | D:11     | Noticed a death knight
 10836 | D:11     | Killed a death knight
 11555 | D:11     | Found an iron altar of Okawaru.
 11867 | Lair:1   | Entered Level 1 of the Lair of Beasts
 12045 | Lair:1   | Received a gift from Trog
 12045 | Lair:1   | Reached skill level 12 in Axes
 12054 | Lair:1   | Reached XP level 13. HP: 64/84 MP: 4/13
 12160 | Lair:1   | Reached skill level 5 in Bows
 12989 | Lair:2   | Found a dark tunnel.
 12998 | Volcano  | Entered a volcano
 13021 | Volcano  | Noticed Dominolapin's ghost (journeyman HOFi)
 13037 | Volcano  | Killed Dominolapin's ghost
 13136 | Volcano  | Cast into level 2 of the Abyss (a wizard)
 13270 | Abyss:2  | Received a gift from Trog
 13274 | Volcano  | Escaped the Abyss
 13771 | Lair:2   | Found a staircase to the Swamp.
 13813 | Lair:2   | Noticed Harold
 13825 | Lair:2   | Killed Harold
 13940 | Lair:2   | Gained mutation: Your large and strong wings let you fly indefinitely. [Gargoyle growth]
 13940 | Lair:2   | Reached XP level 14. HP: 66/92 MP: 4/14
 13941 | Lair:2   | Reached ****** piety under Trog
 14119 | Lair:2   | Noticed Sonja
 14265 | Lair:2   | Reached skill level 13 in Axes
 14278 | Lair:2   | Cast into level 2 of the Abyss (Sonja)
 14314 | Abyss:2  | Received a gift from Trog
 14343 | Abyss:2  | Gained mutation: Your magical capacity is low. (-10% MP) [a neqoxec]
 14343 | Abyss:2  | Gained mutation: You tend to lose your temper in combat. [a neqoxec]
 14425 | Abyss:2  | Noticed a starcursed mass
 14437 | Abyss:2  | Killed a starcursed mass
 14505 | Abyss:2  | Noticed a hellephant
 14512 | Abyss:2  | Slain by a hellephant

Vault maps used:
D:1:      dpeg_arrival_connections
D:2:      chequers_ecumenical_altar_simple_redux, corexii_corridor_pit
D:3:      bloody_makhleb, first_bread
D:4:      temple_statues, serial_glass, glass_columns_a, glass_columns_a,
          glass_columns_a, glass_columns_a, glass_columns_c, glass_columns_a,
          minivault_4, minivault_26
D:5:      lightli_ossuary_entry_decrepit_ruins
D:6:      minmay_cornered_nines, lemuel_coloured_pillars_altar,
          nicolae_gozag_cash_rules_everything_around_me
D:8:      lemuel_round_altar, elyvilon_altar_5, hangedman_pestilent_swarm,
          kennysheep_generic_room_6, uniq_prince_ribbit1
D:9:      hangedman_screamer, kennysheep_mini_moat,
          nicolae_overflow_hidden_temple, kennysheep_mini, uniq_psyche,
          uniq_grum
D:10:     erik_lair_orcish_takeover, kennysheep_generic_room_11, uniq_joseph,
          uniq_maurice, uniq_urug
D:11:     basic_altar
D:12:     david_orc_5, basic_altar, kennysheep_pointless_box
Lair:1:   beast_lair_carwin_10
Lair:2:   lemuel_slime, swamp_mist, nicolae_volcano_entry_lava_flow,
          serial_bayou_ford_a, uniq_sonja, uniq_harold
Abyss:2:  hangedman_stitches_earthworm, serial_sigils_hangedman_quiver,
          evilmike_abyss_exit_12
Ossuary:  ossuary_zaba_flooded
Volcano:  volcano_bunker

Skill      XL: |  1  2  3  4  5  6  7  8  9 10 11 12 13 14 |
---------------+-------------------------------------------+-----
Dodging        | 2 3 4 5 6 7 8 |  8.9
Axes           | 3 4 5 6 8 9 10 12 13 | 13.2
Armour         | 3 4 5 6 7 8 9 10 11 | 11.6
Fighting       | 4 5 6 7 9 10 11 12 | 12.1
Bows           | 4 7 |  7.8

Action                   |  1- 3 |  4- 6 |  7- 9 | 10-12 | 13-15 || total
-------------------------+-------+-------+-------+-------+-------++-------
Melee: Hand axe          |   104 |    77 |       |       |       ||   181
       War axe           |       |    56 |   396 |   344 |       ||   796
       Flail             |       |       |       |     4 |       ||     4
       Battleaxe         |       |       |       |   419 |   309 ||   728
       Eveningstar       |       |       |       |       |     5 ||     5
 Fire: Shortbow          |       |       |       |   128 |       ||   128
       Longbow           |       |       |       |       |    84 ||    84
Invok: Berserk           |       |     1 |     2 |     8 |     2 ||    13
       Burn Spellbooks   |       |       |     1 |     1 |     1 ||     3
       Trog's Hand       |       |       |     1 |       |     4 ||     5
       Brothers in Arms  |       |       |     1 |       |       ||     1
  Use: Scroll            |       |     5 |     6 |     8 |    10 ||    29
       Potion            |       |       |     1 |       |     1 ||     2
 Stab: Invisible         |       |       |       |       |     1 ||     1
  Eat: Chunk             |       |     7 |     3 |    24 |     9 ||    43
       Meat ration       |       |       |     1 |       |       ||     1
       Royal jelly       |       |       |     1 |     2 |       ||     3
       Bread ration      |       |       |       |     2 |       ||     2
       Fruit             |       |       |       |     1 |     1 ||     2
Armor: Ring mail         |    46 |    68 |       |       |       ||   114
       Chain mail        |       |    13 |   286 |   798 |   314 ||  1411
Dodge: Dodged            |    71 |    98 |   204 |   583 |   255 ||  1211
